 Dungeon Crawl Stone Soup version 0.31-a0-726-g3c93526463 (webtiles) character file.

Game seed: 16915233654555623228

205 Bnni the Vexing (level 6, -1/43 (45) HPs)
             Began as a Formicid Hexslinger on Sept 11, 2023.
             Slain by a sky beast (3 damage)
             ... on level 4 of the Dungeon.
             The game lasted 00:06:22 (2921 turns).

Bnni the Vexing (Formicid Hexslinger)               Turns: 2921, Time: 00:06:23

HP:   -1/43 (45)    AC:  2    Str: 12    XL:     6   Next: 10%
MP:   5/8           EV: 12    Int: 13    God:
Gold: 166           SH:  0    Dex: 18    Spells: 0/8 levels left

rFire   . . .        a - +1 sling
rCold   . . .        (no shield)
rNeg    . . .        c - +0 robe
rPois   +            (helmet unavailable)
rElec   .            (no cloak)
rCorr   .            (no gloves)
SInv    +            (no boots)
Will    .....        (no amulet)
Stlth   ++           d - ring of willpower
HPRegen 0.27/turn    g - ring of poison resistance
MPRegen 0.11/turn

%: no passive effects
@: weak-willed, lightly drained
A: permanent stasis, dig shafts and tunnels, antennae 3, four strong arms
a: Dig, Shaft Self


You were on level 4 of the Dungeon.
You visited 1 branch of the dungeon, and saw 4 of its levels.

You collected 190 gold pieces.
You spent 24 gold pieces at shops.

Inventory:

Hand Weapons
 a - a +1 sling (weapon)
Armour
 c - a +0 robe (worn)
Jewellery
 d - a ring of willpower (left hand)
 g - a ring of poison resistance (right hand)
Scrolls
 b - 3 scrolls of poison
 e - 2 scrolls of teleportation {unknown}
 f - a scroll of immolation {unknown}
 j - 2 scrolls of noise {unknown}
 l - 2 scrolls of identify
 m - a scroll of enchant weapon {unknown}
Potions
 h - 2 potions of curing {unknown}
 i - a potion of invisibility {unknown}
 k - 3 potions of might {unknown}


   Skills:
 + Level 2.3 Fighting
 * Level 3.3 Ranged Weapons
 - Level 1.7 Dodging
 + Level 1.9 Spellcasting
 * Level 4.9 Hexes
 * Level 2.8 Fire Magic


You couldn't memorise any spells.
You knew the following spells:

 Your Spells              Type           Power      Damage    Failure   Level
a - Jinxbite              Hex            28%        N/A       4%          2
b - Sigil of Binding      Hex            14%        N/A       10%         3
c - Inner Flame           Hex/Fire       11%        N/A       16%         3

Your spell library contained the following spells:

 Spells                   Type           Power      Damage    Failure   Level
 Summon Small Mammal      Summ           4%         N/A       26%         1
 Summon Guardian Golem    Hex/Summ       7%         N/A       28%         3
 Cause Fear               Hex            7%         N/A       32%         4
 Volatile Blastmotes      Fire/Tloc      8%         2d10      41%         3
 Call Canine Familiar     Summ           1%         N/A       61%         3
 Dimensional Bullseye     Hex/Tloc       3%         N/A       67%         4
 Fulminant Prism          Conj/Hex       3%         3d5       67%         4
 Iskenderun's Mystic Bla  Conj/Tloc      1%         2d3       95%         4


Dungeon Overview and Level Annotations

Branches:
Dungeon (4/15)
 Temple: D:4-7

Altars:
Kikubaaqudgha
Vehumet

Shops:
D:2 ((?


Innate Abilities, Weirdness & Mutations

You cannot be hasted, slowed, berserked, paralysed or teleported.
You can dig through walls and to a lower floor.
You have a pair of large antennae on your head. (SInv)
Your four strong arms can wield two-handed weapons with a shield.


Message History

The sky beast's lost momentum returns to it!
You shoot a sling bullet.
The sling bullet closely misses the sky beast.
The sky beast completely misses you.
You shoot a sling bullet. The sling bullet hits the sky beast.
The sky beast is severely wounded.
Your binding sigil wavers.
The sky beast misses you.
You shoot a sling bullet. The sling bullet misses the sky beast.
The sky beast seems less drained.
The sky beast hits you. The sky beast shocks you.
You shoot a sling bullet.
The sling bullet hits the sky beast but does no damage.
The sky beast is severely wounded.
The sky beast hits you. The sky beast shocks you.
The sky beast barely misses you.
You shoot a sling bullet.
The sling bullet hits the sky beast but does no damage.
The sky beast is severely wounded.
The sky beast hits you but does no damage.
You shoot a sling bullet. The sling bullet hits the sky beast.
The sky beast is almost dead.
The sky beast hits you. The sky beast shocks you.
You are too injured to fight recklessly!
You shoot a sling bullet.
The sling bullet hits the sky beast but does no damage.
The sky beast is almost dead.
The sky beast hits you but does no damage.
You shoot a sling bullet. The sling bullet hits the sky beast.
The sky beast is almost dead.
The sky beast hits you. The sky beast shocks you.
* * * LOW HITPOINT WARNING * * *
You shoot a sling bullet. The sling bullet misses the sky beast.
The sky beast flickers out of sight for a moment.
The sky beast hits you.
* * * LOW HITPOINT WARNING * * *
The sky beast shocks you.
* * * LOW HITPOINT WARNING * * *
The sky beast hits you.
You die...

#....# ##.##.# ##...###
.##### ####§§§§§##
..§§.. #...§§§≈§..
§§§§§.########.##..≈§§#.
≈§≈§≈.#.....##.###...##.
..§≈≈.......##.####.###
≈≈≈≈≈..@....#.........+
≈≈≈≈...Y##+##.......###
.........#.##.......#
.+#....#.#.##.......#
.......#†#.##.......#
.......#.(.##.......#
.......##....##+#####
...$### #..#.# ....
##...#


You could see a sky beast (swift, invisible).

Vanquished Creatures
  3 orc wizards (D:3)
  A gnoll (D:1)
  2 adders
  2 river rats (D:3)
  A worm (D:2)
  2 dart slugs
  7 orcs
  4 ball pythons
  5 endoplasms
  6 giant cockroaches
  9 goblins
  4 hobgoblins
  3 jackals (D:2)
  3 bats
  5 frilled lizards
  8 kobolds
  9 rats
74 creatures vanquished.

Notes
Turn   | Place    | Note
-------+----------+-------------------------------------------
     0 | D:1      | Bnni the Formicid Hexslinger began the quest for the Orb.
     0 | D:1      | Reached XP level 1. HP: 15/15 MP: 2/2
    94 | D:1      | Reached XP level 2. HP: 12/21 MP: 3/3
   211 | D:1      | Learned a level 2 spell: Jinxbite
   236 | D:1      | Reached skill level 4 in Hexes
   236 | D:1      | Reached XP level 3. HP: 26/26 MP: 1/4
  1095 | D:2      | Found Tasopa's Magic Scroll Shoppe.
  1101 | D:2      | Bought a scroll of identify for 24 gold pieces
  1128 | D:2      | Found Alutzece's Antique Weapon Shoppe.
  1166 | D:2      | Found Reitegg's Weapon Emporium.
  1209 | D:2      | Reached XP level 4. HP: 33/33 MP: 6/6
  1477 | D:2      | Learned a level 3 spell: Sigil of Binding
  1568 | D:3      | Reached XP level 5. HP: 21/38 MP: 7/7
  1684 | D:3      | Found a radiant altar of Vehumet.
  2314 | D:3      | Reached XP level 6. HP: 25/43 MP: 5/8
  2487 | D:3      | Learned a level 3 spell: Inner Flame
  2902 | D:4      | Found an ancient bone altar of Kikubaaqudgha.
  2904 | D:4      | Noticed a sky beast
  2921 | D:4      | HP: 2/43 [sky beast (6)]
  2921 | D:4      | Slain by a sky beast

Illustrated notes

Levels and vault maps discovered:
D:1:      onia_arrival_pentagram, layout_basic
D:2:      kennysheep_six_static_rooms, layout_loops_cross, serial_shops,
          nicolae_shop_just_a_little_nook, shop, shop
D:3:      layout_basic, overflow_temple_1_default, portal_sewer_entry_e,
          minmay_unequal
D:4:      layout_basic, mainiacjoe_overflow_concentric_impassable,
          kennysheep_little_box, mainiacjoe_overflow_catwalk,
          gammafunk_temple_overflow_statue, amcnicky_mini_pool_small

Skill      XL: |  1  2  3  4 |
---------------+-------------+-----
Hexes          | 4 |  4.9
Fighting       | 2 |  2.3
Fire Magic     | 2 |  2.8
Ranged Weapons | 3 |  3.3
Dodging        | |  1.7
Spellcasting   | |  1.9

Action                     |  1- 3 |  4- 6 || total
---------------------------+-------+-------++-------
   Fire: Sling             |    80 |   146 ||   226
   Cast: Jinxbite          |     1 |     6 ||     7
         Sigil of Binding  |       |     1 ||     1
Ability: Dig               |       |     3 ||     3
    Use: Scroll            |     2 |       ||     2
 Armour: Robe              |    11 |    64 ||    75
  Dodge: Dodged            |    11 |    55 ||    66

Table legend: (Time is in decaauts)
 A = Elapsed time spent in this place.
 B = Non-inter-level travel time spent in this place.
 C = Inter-level travel time spent in this place.
 D = Time resting spent in this place.
 E = Time spent auto-exploring this place.
 F = Levels seen in this place.
 G = Mean time per level.
                   A        B        C        D        E       F      G
               +--------+--------+--------+--------+--------+-----+--------+
         Total |   2980 |   2918 |     62 |    106 |   2120 |   4 |  745.0 |
       Dungeon |   2980 |   2918 |     62 |    106 |   2120 |   4 |  745.0 |
               +--------+--------+--------+--------+--------+-----+--------+

Top non-repeatable levels by time:
     D:3: 1246 daAuts
     D:1: 771 daAuts
     D:2: 770 daAuts
     D:4: 192 daAuts
